 Dungeon Crawl Stone Soup version 0.23.2-1-ga50397a (webtiles) character file.

Game seed: 951056220118693734

238 TrebMcFLY the Chopper (level 5, -3/49 HPs)
             Began as a Deep Dwarf Fighter on May 16, 2019.
             Slain by Duvessa
             ... wielding a +4 rapier of venom
              (5 damage)
             ... on level 4 of the Dungeon.
             The game lasted 00:09:08 (2312 turns).

TrebMcFLY the Chopper (Deep Dwarf Fighter)          Turns: 2312, Time: 00:09:10

Health: -3/49      AC:  7    Str: 20    XL:     5   Next: 78%
Magic:  4/4        EV:  7    Int:  9    God:
Gold:   163        SH:  9    Dex: 12    Spells: 4/4 levels left

rFire    . . .     SeeInvis .   a - +0 war axe
rCold    . . .     Gourm    .   c - +0 shield
rNeg     . . .     Faith    +   b - +0 scale mail
rPois    .         Spirit   .   (no helmet)
rElec    .         Reflect  .   (no cloak)
rCorr    .         Harm     .   (no gloves)
MR       .....                  (no boots)
Stlth    ..........             p - amulet of faith
HPRegen  0.00/turn              (no ring)
MPRegen  0.09/turn              (no ring)

@: lethally poisoned (-3 -> -12), non-regenerating
A: damage resistance, heal wounds, sense surroundings 1, no regeneration
a: Heal Wounds


You were on level 4 of the Dungeon.
You were not hungry.

You visited 1 branch of the dungeon, and saw 4 of its levels.

You collected 163 gold pieces.

Inventory:

Hand Weapons
 a - a +0 war axe (weapon)
Armour
 b - a +0 scale mail (worn)
 c - a +0 shield (worn)
Magical Staves
 r - an uncursed staff of earth {unknown}
Jewellery
 p - an amulet of faith (around neck)
Wands
 v - a wand of flame (18)
Scrolls
 g - a scroll of blinking {unknown}
 i - 7 scrolls of identify {unknown}
 j - a scroll of noise {unknown}
 l - 5 scrolls of teleportation {unknown}
 m - a scroll of amnesia {unknown}
 n - a scroll of magic mapping {unknown}
 o - a scroll of remove curse {unknown}
 q - a scroll of fear {unknown}
Potions
 d - a potion of might
 e - a potion of ambrosia {unknown}
 h - a potion of curing {unknown}
 k - a potion of lignification {unknown}
 t - a potion of agility {unknown}
 u - a potion of heal wounds {unknown}
Comestibles
 f - 5 rations
 s - 2 chunks of flesh


   Skills:
 + Level 3.5 Fighting
 * Level 4.6 Axes
 + Level 4.3 Armour
 + Level 4.2 Shields
 + Level 0.0 Evocations


You had 4 spell levels left.
You didn't know any spells.
Your spell library was empty.

Dungeon Overview and Level Annotations

Branches:
Dungeon (4/15)
 Temple: D:4-7

Altars:

Annotations:
D:4 Dowan, Duvessa


Innate Abilities, Weirdness & Mutations

You are resistant to damage.
You can heal yourself by infusing magical energy.
You passively map a small area around you.
You do not regenerate.


Message History

You barely miss Dowan.
* * * LOW HITPOINT WARNING * * *
You feel very sick. You block Duvessa's attack.
Dowan hits you with a +0 dagger. Duvessa barely misses you.
You barely miss Duvessa.
Duvessa is heavily wounded.
You closely miss Dowan.
* * * LOW HITPOINT WARNING * * *
You feel very sick.
Duvessa hits you with a +4 rapier of venom.
* * * LOW HITPOINT WARNING * * *
Dowan hits you but does no damage.
You hit Duvessa but do no damage.
Duvessa is heavily wounded.
Your shield and scale mail prevent you from hitting Dowan.
* * * LOW HITPOINT WARNING * * *
You feel very sick.
Duvessa hits you with a +4 rapier of venom!
You die...

, * *** *### , ,
..# * * * #.# #.#
, #.#
#######.#########
,......e@e>....).#
*
###.#.#########.#
,# , #.# * * #.# *
#.# ###### * ###.#
#..... , ,,
*,#...# #.#### <
#.### #.# ,* #.#
#.#


You could see Duvessa and Dowan.

Vanquished Creatures
  2 orc priests (D:3)
  Jessica (D:3)
  Terence (D:3)
  2 adders (D:2)
  An ooze (D:3)
  3 worms
  4 dart slugs
  6 leopard geckos
  3 orcs (D:3)
  7 bats
  3 giant cockroaches
  7 goblins
  11 hobgoblins
  7 jackals (D:1)
  2 ball pythons
  6 frilled lizards
  5 kobolds
  8 rats
79 creatures vanquished.

Notes
Turn   | Place    | Note
-------+----------+-------------------------------------------
     0 | D:1      | TrebMcFLY the Deep Dwarf Fighter began the quest for the
                  | Orb.
     0 | D:1      | Reached XP level 1. HP: 20/20 MP: 1/1
    84 | D:1      | Reached XP level 2. HP: 24/27 MP: 2/2
   467 | D:1      | Reached XP level 3. HP: 25/34 MP: 3/3
  1042 | D:2      | Reached XP level 4. HP: 17/42 MP: 4/4
  1675 | D:3      | Noticed Terence
  1682 | D:3      | Reached XP level 5. HP: 41/49 MP: 4/4
  1701 | D:3      | Killed Terence
  1909 | D:3      | Noticed Jessica
  1914 | D:3      | Killed Jessica
  2191 | D:4      | Noticed an ogre
  2295 | D:4      | Noticed Dowan
  2296 | D:4      | Noticed Duvessa
  2312 | D:4      | HP: 2/49 [poisoned by Duvessa]
  2312 | D:4      | Slain by Duvessa

Skill      XL: |  1  2  3  4 |
---------------+-------------+-----
Fighting       | 3 |  3.5
Axes           | 3 4 |  4.6
Armour         | 4 |  4.3
Shields        | 4 |  4.2

Action                   |  1- 3 |  4- 6 || total
-------------------------+-------+-------++-------
Melee: War axe           |   143 |   141 ||   284
 Abil: Heal Wounds       |       |     2 ||     2
  Eat: Chunk             |     1 |     4 ||     5
Armor: Scale mail        |    69 |    58 ||   127
Dodge: Dodged            |    41 |    33 ||    74
Block: Shield            |    70 |    77 ||   147
